 Dungeon Crawl Stone Soup version 0.31-a0-426-g3a05650e59 (webtiles) character file.

Game seed: 11266233347289776622

2743 jlumianski the Magician (level 10, 0/69 HPs)
             Began as a Djinni Fire Elementalist on July 20, 2023.
             Was an Initiate of Hepliaklqana.
             Slain by a hornet (3 damage)
             ... on level 7 of the Dungeon on July 31, 2023.
             The game lasted 00:39:46 (6535 turns).

jlumianski the Magician (Djinni Fire Elementalist)  Turns: 6535, Time: 00:39:49

Health: 0/69       AC:  3    Str:  7    XL:     10   Next: 0%
Gold:   311        EV: 13    Int: 19    God:    Hepliaklqana [......] SH:  0 Dex: 16

rFire   + + .        h - +1 short sword (drain)
rCold   x . .        (no shield)
rNeg    . . .        q - +0 leather armour
rPois   ∞            (helmet currently unavailable)
rElec   .            (cloak currently unavailable)
rCorr   +            (gloves currently unavailable)
SInv    .            (boots unavailable)
Will    +....        (no amulet)
Stlth   +++          m - ring of resist corrosion
HPRegen 0.31/turn    (no ring)
MPRegen 0.00/turn

%: infuse magic (-1 HP)
@: beast-form, on blink cooldown, flying
A: beast (slay +1), flying, sickness immunity, fire resistance 2, cold
vulnerability 1, float, innate caster, HP casting, extra vitality 1
a: Begin Untransformation, Renounce Religion


You were on level 7 of the Dungeon.
You worshipped Hepliaklqana.
Hepliaklqana was noncommittal.
You were a hulking beast.
You visited 2 branches of the dungeon, and saw 9 of its levels.

You collected 372 gold pieces.
You spent 61 gold pieces at shops.

Inventory:

Hand Weapons
 f - a +0 spear
 h - a +1 short sword of draining (weapon)
 i - a +0 long sword
 k - a +3 quarterstaff of chaos
 x - a +1 whip of flaming
 B - a +4 heavy hand axe
Missiles
 c - 6 javelins
 g - 6 boomerangs
 u - 6 atropa-tipped darts
 D - 7 poisoned darts
Armour
 a - a +0 robe
 o - a +0 ring mail
 q - a +0 leather armour (worn)
 v - a +0 cloak
 F - a +0 helmet
 H - +0 steam dragon scales
Magical Staves
 l - a staff of death
 n - a staff of conjuration
Jewellery
 m - a ring of resist corrosion (left hand)
Talismans
 b - a beast talisman (active)
Wands
 w - a wand of iceblast (17)
 G - a wand of mindburst (18)
Scrolls
 s - a scroll of immolation
 y - 3 scrolls of teleportation
 z - a scroll of fear
 A - 2 scrolls of fog
 E - a scroll of revelation {unknown}
Potions
 d - 4 potions of haste
 e - a potion of brilliance
 j - a potion of resistance
 p - 2 potions of curing
 r - 3 potions of attraction
 t - a potion of might
 C - a potion of magic


   Skills:
 * Level 4.3 Fighting
 + Level 3.3 Short Blades
 + Level 4.0 Armour
 + Level 4.9 Dodging
 + Level 4.5 Stealth
 * Level 6.7 Spellcasting
 * Level 6.7 Conjurations
 * Level 6.7 Hexes
 * Level 6.7 Summonings
 * Level 6.7 Necromancy
 * Level 6.7 Translocations
 * Level 6.7 Transmutations
 * Level 6.7 Fire Magic
 * Level 6.7 Ice Magic
 * Level 6.7 Air Magic
 * Level 6.7 Earth Magic
 * Level 6.7 Poison Magic
 + Level 0.2 Evocations
 - Level 1.7 Shapeshifting


You knew the following spells:

 Your Spells              Type           Power      Damage    Failure   Level
a - Foxfire               Conj/Fire      100%       2x1d9     1%          1
b - Scorch                Fire           64%        2d7       1%          2
c - Volatile Blastmotes   Fire/Tloc      64%        2d15      2%          3
d - Inner Flame           Hex/Fire       32%        N/A       2%          3
e - Flame Wave            Conj/Fire      32%        2d9       10%         4
f - Sandblast             Erth           64%        2d14      1%          1
g - Blink                 Tloc           64%        N/A       1%          2
h - Ozocubu's Armour      Ice            32%        N/A       2%          3
i - Passage of Golubria   Tloc           32%        N/A       10%         4
Your spell library was empty.

Dungeon Overview and Level Annotations

Branches:
Dungeon (8/15)             Temple (1/1) D:5
   Lair: D:8-11

Altars:
Cheibriados
Dithmenos
Elyvilon
Fedhas
Gozag
Hepliaklqana
Nemelex Xobeh
Qazlal
Ru
Trog
Uskayaw
Wu Jian
Xom
Yredelemnul
Zin

Shops:
D:3 ?((!


Innate Abilities, Weirdness & Mutations

You are a hulking beast.
Your limbs bulge with bestial killing power. (Slay +1)
You are flying.
You are immune to sickness and miasma.
You are immune to poison.
Your flesh is very heat resistant. (rF++)
You are vulnerable to cold. (rC-)
You float through the air rather than walking.
You learn spells naturally, not from books.
Your magical power is your life essence.
You have superior vitality. (+4 MHP)


Message History

The hornet is lightly wounded.
The hornet stings you! The hornet stings you!
* * * LOW HITPOINT WARNING * * *
Casting: Scorch (safe; 1% risk of failure)
Confirm with . or Enter, or press ? or * to list all spells.
You blink.
* * * LOW HITPOINT WARNING * * *
Casting: Blink (safe; 1% risk of failure)
Confirm with . or Enter, or press ? or * to list all spells.
A cloud of volatile blastmotes flares up around you!
* * * LOW HITPOINT WARNING * * *
You feel stable enough to blink again.
The cloud of blastmotes explodes!
The concussive blast engulfs the hornet!
The hornet is moderately wounded.
Aiming: Mindburst
Press: ? - help, Shift-Dir - straight line, f - hornet
Aim: a hornet (moderately wounded, chance to affect: 55%)
Okay, then.
Aiming: Iceblast
Press: ? - help, Shift-Dir - straight line, f - hornet
Aim: a hornet (moderately wounded)
The mass of ice explodes!
The iceblast engulfs the hornet!
The hornet is severely wounded.
Casting: Volatile Blastmotes (dangerous; 2% risk of failure)
Confirm with . or Enter, or press ? or * to list all spells.
You blink.
* * * LOW HITPOINT WARNING * * *
You feel better. The hornet stings you.
* * * LOW HITPOINT WARNING * * *
Casting: Blink (safe; 1% risk of failure)
Confirm with . or Enter, or press ? or * to list all spells.
Aiming: Passage of Golubria (dangerous; 10% risk of failure)
Press: ? - help, Dir - move target, f - you, p - hornet
* * * LOW HITPOINT WARNING * * *
The hornet stings you!
* * * LOW HITPOINT WARNING * * *
The hornet stings you.
You die...

######## #......# #......#
##################......##
#.)....^.hy^............'.
#)#.....#########.......##
#.#.....# #.......#
#.#†....# ####.....###
#.#.....# #>...........
#.#.....# ##'#.######...
#.#.....# #.............
#.####### #...#######...
#.# #...# ##


You could see a hornet.

Vanquished Creatures
  Pikel (D:4)
  A troll (D:6)
  Sigmund (D:6)
  Eustachio (D:6)
  A steam dragon (D:6)
  A water moccasin (D:5)
  A black bear (D:5)
  An ogre (D:6)
  2 wolves (D:7)
  A lemure (D:4)
  A phantom (D:7)
  3 bullfrogs
  4 scorpions
  A wight (D:4)
  A howler monkey (D:6)
  2 orc priests (D:7)
  2 jellies
  5 hounds
  Crazy Yiuf (D:3)
  Ijyb (D:4)
  An iguana (D:6)
  2 orc wizards
  A mummy (D:4)
  4 gnolls
  6 adders
  A shadow imp (D:6)
  An ufetubus (D:4)
  2 worms
  23 orcs
  8 ball pythons
  A bat (D:2)
  8 endoplasms
  3 giant cockroaches
  4 goblins
  7 hobgoblins
  10 kobolds
  4 quokkas
  5 frilled lizards
  4 rats
127 creatures vanquished.

Vanquished Creatures (collateral kills)
  A foxfire (D:1)
1 creature vanquished.

Vanquished Creatures (others)
  257 foxfires
257 creatures vanquished.

Grand Total: 385 creatures vanquished

Notes
Turn   | Place    | Note
-------+----------+-------------------------------------------
     0 | D:1      | jlumianski the Djinni Fire Elementalist began the quest for
                  | the Orb.
     0 | D:1      | jlumianski set off with the following spells memorised:
                  | Foxfire, Scorch, Volatile Blastmotes, Inner Flame, Flame
                  | Wave.
     0 | D:1      | Reached XP level 1. HP: 15/15 MP: 0/0
    64 | D:1      | Upgraded the game from 0.31-a0-331-geda263fcf1 to
                  | 0.31-a0-426-g3a05650e59
   219 | D:1      | Reached XP level 2. HP: 21/21 MP: 0/0
   418 | D:1      | Reached XP level 3. HP: 18/25 MP: 0/0
   418 | D:1      | Learned a level 1 spell: Sandblast
   801 | D:1      | Reached XP level 4. HP: 28/31 MP: 0/0
   971 | D:2      | Found a glowing silver altar of Zin.
  1613 | D:4      | Reached XP level 5. HP: 34/35 MP: 0/0
  1613 | D:4      | Learned a level 2 spell: Blink
  1618 | D:3      | Found Ruhattuu's Distillery.
  1624 | D:3      | Bought a potion of curing for 33 gold pieces
  1904 | D:4      | Reached skill level 1 in Short Blades
  1904 | D:4      | Reached XP level 6. HP: 31/41 MP: 0/0
  2200 | D:4      | Reached skill level 1 in Shapeshifting
  2376 | D:4      | Reached XP level 7. HP: 36/46 MP: 0/0
  2376 | D:4      | Learned a level 3 spell: Ozocubu's Armour
  2545 | D:5      | Entered Level 5 of the Dungeon
  2580 | D:4      | Noticed Pikel
  2690 | D:3      | Found Laed's Weapon Emporium.
  2897 | D:3      | Found a sacrificial altar of Ru.
  3083 | D:3      | Found Weimyuj's Weapon Shoppe.
  3125 | D:3      | Found Tunemimo's Magic Scroll Boutique.
  3136 | D:3      | Bought a scroll of identify for 28 gold pieces
  3233 | D:3      | Found a runed translucent door.
  3234 | D:3      | Noticed Crazy Yiuf
  3243 | D:3      | Killed Crazy Yiuf
  3366 | D:4      | Noticed Ijyb
  3376 | D:4      | Killed Ijyb
  3377 | D:4      | Reached skill level 1 in Fighting
  3562 | D:4      | Killed Pikel
  3563 | D:4      | Reached skill level 5 in Spellcasting
  3563 | D:4      | Reached skill level 5 in Conjurations
  3563 | D:4      | Reached skill level 5 in Hexes
  3563 | D:4      | Reached skill level 5 in Summonings
  3563 | D:4      | Reached skill level 5 in Necromancy
  3563 | D:4      | Reached skill level 5 in Translocations
  3563 | D:4      | Reached skill level 5 in Transmutations
  3563 | D:4      | Reached skill level 5 in Fire Magic
  3563 | D:4      | Reached skill level 5 in Ice Magic
  3563 | D:4      | Reached skill level 5 in Air Magic
  3563 | D:4      | Reached skill level 5 in Earth Magic
  3563 | D:4      | Reached skill level 5 in Poison Magic
  3563 | D:4      | Reached XP level 8. HP: 9/52 MP: 0/0
  3762 | D:4      | You are sucked into a shaft and drop 3 floors!
  3813 | D:7      | Found an opulent altar of Gozag.
  4224 | D:5      | Found a staircase to the Ecumenical Temple.
  4236 | Temple   | Entered the Ecumenical Temple
  4281 | Temple   | Became a worshipper of Hepliaklqana the Forgotten
  4419 | D:5      | Noticed a +0 falchion
  4419 | D:5      | Noticed a +0 falchion
  4419 | D:5      | Noticed a +0 spear
  4420 | D:5      | Noticed a +0 short sword
  4420 | D:5      | Noticed a +0 dagger
  4420 | D:5      | Noticed a +0 spear
  4421 | D:5      | Noticed a +0 dagger
  4421 | D:5      | Noticed a +0 short sword
  4424 | D:5      | Found a hide-covered altar of Uskayaw.
  4451 | D:5      | Reached XP level 9. HP: 39/58 MP: 0/0
  4451 | D:5      | Learned a level 4 spell: Passage of Golubria
  4989 | D:6      | Noticed Eustachio
  5009 | D:6      | Killed Eustachio
  5197 | D:6      | Noticed a troll
  5204 | D:6      | Killed a troll
  5338 | D:6      | Noticed Sigmund
  5344 | D:6      | Killed Sigmund
  6317 | D:8      | Noticed a troll
  6513 | D:7      | Reached XP level 10. HP: 37/69 MP: 0/0
  6535 | D:7      | HP: 3/69 [hornet (8)]
  6535 | D:7      | Slain by a hornet

Illustrated notes

Levels and vault maps discovered:
D:1:      dpeg_arrival_round_a, layout_rooms, serial_bayou_pond_e
D:2:      layout_loops_ring, basic_altar
D:3:      layout_basic, mainiacjoe_overflow_boulevard, serial_shops, shop,
          shop_scrolls, nicolae_shop_hallway_plus, shop, serial_park_tiny_1,
          uniq_crazy_yiuf_cottage
D:4:      layout_loops_ring, gup_ossuary_entry_pyramid, minmay_small_thing,
          uniq_pikel, uniq_ijyb
D:5:      nicolae_cairo_tiling_very_big, layout_basic,
          nicolae_uskayaw_en_pointe, temple_fountains
D:6:      layout_basic, mainiacjoe_overflow_six_doors_small, uniq_eustachio,
          uniq_sigmund
D:7:      layout_basic, lemuel_doored_altar, uniq_joseph
D:8:      layout_cave_pods, gammafunk_temple_overflow_wave,
          hellmonk_okawaru_the_only_friend_you_need, erik_lair_island
Temple:   nicolae_temple_ecumenical_triangle

Skill      XL: |  1  2  3  4  5  6  7  8  9 |
---------------+----------------------------+-----
Spellcasting   | 4 5 6 |  6.7
Conjurations   | 4 5 6 |  6.7
Hexes          | 4 5 6 |  6.7
Summonings     | 4 5 6 |  6.7
Necromancy     | 4 5 6 |  6.7
Translocations | 4 5 6 |  6.7
Transmutations | 4 5 6 |  6.7
Fire Magic     | 4 5 6 |  6.7
Ice Magic      | 4 5 6 |  6.7
Air Magic      | 4 5 6 |  6.7
Earth Magic    | 4 5 6 |  6.7
Poison Magic   | 4 5 6 |  6.7
Stealth        | 2 3 4 |  4.5
Dodging        | 3 4 |  4.9
Short Blades   | 1 2 3 |  3.3
Shapeshifting  | 1 |  1.7
Fighting       | 1 4 |  4.3
Armour         | 2 3 4 |  4.0
Evocations     | |  0.2

Action                     |  1- 3 |  4- 6 |  7- 9 | 10-12 || total
---------------------------+-------+-------+-------+-------++-------
  Melee: Unarmed           |     2 |       |       |       ||     2
         Short sword       |    18 |    37 |    77 |     1 ||   133
         Staff             |       |    14 |       |       ||    14
         Punch             |       |     2 |     1 |       ||     3
   Cast: Foxfire           |    35 |    42 |    68 |       ||   145
         Scorch            |       |     8 |    22 |     1 ||    31
         Volatile Blastmot |       |       |    18 |     1 ||    19
         Blink             |       |       |     1 |     2 ||     3
         Ozocubu's Armour  |       |       |     1 |       ||     1
         Inner Flame       |       |       |     1 |       ||     1
         Passage of Golubr |       |       |       |     1 ||     1
  Evoke: Wand              |       |       |     1 |     1 ||     2
    Use: Potion            |       |     2 |       |     1 ||     3
         Scroll            |       |     6 |     5 |       ||    11
   Stab: Sleeping          |     3 |     5 |     7 |       ||    15
 Armour: Robe              |     3 |    11 |       |       ||    14
         Leather armour    |       |       |    28 |       ||    28
  Dodge: Dodged            |    11 |    41 |    73 |       ||   125
   Form: Beast             |     1 |       |       |       ||     1

Table legend: (Time is in decaauts)
 A = Elapsed time spent in this place.
 B = Non-inter-level travel time spent in this place.
 C = Inter-level travel time spent in this place.
 D = Time resting spent in this place.
 E = Time spent auto-exploring this place.
 F = Levels seen in this place.
 G = Mean time per level.
                   A        B        C        D        E       F      G
               +--------+--------+--------+--------+--------+-----+--------+
         Total |   6509 |   6363 |    146 |    837 |   3656 |   9 |  723.2 |
       Dungeon |   6452 |   6306 |    146 |    837 |   3656 |   8 |  806.5 |
        Temple |     56 |     56 |      0 |      0 |      0 |   1 |   56.0 |
               +--------+--------+--------+--------+--------+-----+--------+

Top non-repeatable levels by time:
     D:4: 1526 daAuts
     D:6: 944 daAuts
     D:2: 903 daAuts
     D:3: 824 daAuts
     D:5: 814 daAuts
     D:7: 724 daAuts
     D:1: 694 daAuts
  Temple: 56 daAuts
     D:8: 19 daAuts
